 Dungeon Sprint DCSS version 0.20-a0-1058-g0491fde (webtiles) character file.

1449 JeffiDaFish the Cleaver (level 8, -1/86 HPs)
             Began as a Minotaur Berserker on Apr 26, 2017.
             Was a Follower of Jiyva.
             Slain by a polar bear (5 damage)
             ... created by the rage of Trog
             ... in the Dungeon (Sprint III: "The Ten Rune Challenge").
             The game lasted 00:06:11 (1075 turns).

JeffiDaFish the Cleaver (Minotaur Berserker)        Turns: 1075, Time: 00:06:12

Health: -1/86      AC:  3    Str: 22      XL:     8   Next: 46%
Magic:  7/7        EV: 16    Int:  4      God:    Jiyva [*.....]
Gold:   34         SH:  0    Dex: 11 (12) Spells: 7/7 levels left

rFire    . . .     SeeInvis .   n - +0 dire flail
rCold    . . .     Gourm    .   (shield currently unavailable)
rNeg     . . .     Faith    .   b - +0 animal skin
rPois    .         Spirit   .   (helmet restricted)
rElec    .         Reflect  .   (no cloak)
rCorr    .         Harm     .   (no gloves)
MR       .....     Clarity  +   (no boots) Stlth +.........NoTele +
                                (no amulet)
Regen    0.7/turn               (no ring)
MPRegen  0.1/turn               (no ring)

@: very slightly contaminated
A: retaliatory headbutt, horns 2, clarity, deterioration 1, high mp 1,
regeneration 1, shaggy fur 1
a: Request Jelly, Renounce Religion


You were in the Dungeon.
You worshipped Jiyva.
Jiyva was aware of your devotion.
You were not hungry.

You visited 1 branch You collected 34 gold pieces.

Inventory:

Hand Weapons
 a - a +0 hand axe
 n - a +0 dire flail (weapon)
Armour
 b - a +0 animal skin (worn)
Scrolls
 k - 3 scrolls of identify
 l - a scroll of remove curse
Potions
 d - a potion of curing
 f - 2 potions of haste
 g - 2 potions of magic
 h - a potion of berserk rage
 p - 2 potions of flight
Books
 e - a book of Misfortune

   Spells                             Type                      Level
   a - Confusing Touch                Hexes                        1
   b - Confuse                        Hexes                        3
   c - Gell's Gravitas                Translocation                3
   d - Petrify                        Transmutation/Earth          4
   e - Metabolic Englaciation         Hexes/Ice                    5
   f - Yara's Violent Unravelling     Hexes/Transmutation          5
Comestibles
 c - 2 bread rations
 j - 3 chunks of flesh
 o - 2 royal jellies


   Skills:
 + Level 13.6 Fighting
 - Level 14.4 Axes
 + Level 6.5 Armour
 + Level 8.3 Dodging


You had 7 spell levels left.
You didn't know any spells.

Dungeon Overview and Level Annotations

Branches:
Dungeon (1/1)

Altars:
Cheibriados
Dithmenos
Elyvilon
Fedhas
Gozag
Hepliaklqana
Kikubaaqudgha
Makhleb
Nemelex Xobeh
Okawaru
Qazlal
Ru
Sif Muna
Trog
Uskayaw
Vehumet
Wu Jian
Xom
Yredelemnul
Zin
The Shining One
Beogh
Jiyva
Lugonu


Innate Abilities, Weirdness & Mutations

You reflexively headbutt those who attack you in melee.
You have a pair of horns on your head.
You possess an exceptional clarity of mind.
Your body sometimes deteriorates upon taking damage.
You have an increased reservoir of magic. (+10% MP)
Your natural rate of healing is unusually fast.
You are covered in fur. (AC +1)


Message History

You hear an angry growl.
The black bear barely misses you. You furiously retaliate!
You headbutt the black bear.
You kill the black bear!
That felt strangely unrewarding.
You hear an angry growl. x2
You puncture the polar bear!
The polar bear is lightly wounded.
The polar bear bites you!!
* * * LOW HITPOINT WARNING * * *
Your body deteriorates!
You feel clumsy. The polar bear misses you.
The polar bear completely misses you. The polar bear closely misses you.
The polar bear completely misses you. The polar bear barely misses you.
You feel much better. The polar bear bites you!
* * * LOW HITPOINT WARNING * * *
The polar bear claws you.
* * * LOW HITPOINT WARNING * * *
The polar bear claws you.
You die...

..#..#)..#__.#._#
..#..###'#'###)##
#'#..#.......†..#
##...'.⌠........#
##...#...######+#
#....#.⌠.#_J#...#+######
.....#...#__#...#....#§#
.....#)###__#...##.#.h#.#
)....#.).#__#...@##.#.#h#
#....#___#__'...#hhh#..#.
▓▓▓▓▓▓▓▓▓▓▓▓▓▓▓▓▓▓▓▓▓▓▓▓▓▓


You could see 2 polar bears and a black bear (berserk).

Vanquished Creatures
  A deep elf mage (D)
  A shadow (D)
  A spatial vortex (D)
  A black bear (D)
  A necrophage (D)
  3 two-headed ogres (D)
  A water elemental (D)
  A scorpion (D)
  A jelly (D)
  A wizard (D)
  A necromancer (D)
  3 humans (D)
  A kobold demonologist (D)
  4 rats (D)
21 creatures vanquished.

Vanquished Creatures (others)
  2 draconian scorchers (D)
  6 hellions (D)
  2 yaktaurs (D)
  An electric eel (D)
  2 jellies (D)
  2 plants (D)
15 creatures vanquished.

Grand Total: 36 creatures vanquished

Notes
Turn   | Place    | Note
-------+----------+-------------------------------------------
     0 | D        | JeffiDaFish the Minotaur Berserker began the quest for the Orb.
     0 | D        | Reached XP level 1. HP: 19/19 MP: 0/0
    41 | D        | Reached ** piety under Trog
    41 | D        | Reached skill level 4 in Axes
    55 | D        | Noticed a scorpion
    64 | D        | Reached skill level 5 in Fighting
    64 | D        | Reached skill level 5 in Axes
    64 | D        | Reached XP level 2. HP: 29/29 MP: 1/1
    67 | D        | Killed a scorpion
    67 | D        | Reached skill level 6 in Axes
    67 | D        | Reached XP level 3. HP: 34/38 MP: 2/2
    67 | D        | Reached XP level 4. HP: 40/45 MP: 3/3
    82 | D        | Killed a yaktaur
    84 | D        | Killed a hellion
    84 | D        | Killed a hellion
    85 | D        | Killed a hellion
   104 | D        | Killed a hellion
   104 | D        | Killed a hellion
   105 | D        | Killed a hellion
   137 | D        | Killed a white draconian scorcher
   161 | D        | Killed a white draconian scorcher
   237 | D        | Noticed a water elemental
   243 | D        | Killed a water elemental
   243 | D        | Reached *** piety under Trog
   243 | D        | Reached skill level 8 in Axes
   275 | D        | Found a glowing silver altar of Zin.
   276 | D        | Found a glowing golden altar of the Shining One.
   276 | D        | Found a white marble altar of Elyvilon.
   276 | D        | Noticed a deep elf mage
   285 | D        | Killed a deep elf mage
   285 | D        | Reached skill level 11 in Axes
   285 | D        | Reached skill level 5 in Armour
   285 | D        | Reached XP level 5. HP: 29/61 MP: 4/4
   285 | D        | Reached XP level 6. HP: 32/68 MP: 5/5
   285 | D        | Reached XP level 7. HP: 35/74 MP: 6/6
   324 | D        | Killed a yaktaur
   465 | D        | Found a hide-covered altar of Uskayaw.
   465 | D        | Found a roughly hewn altar of Beogh.
   465 | D        | Found an iron altar of Okawaru.
   465 | D        | Found a bloodstained altar of Trog.
   465 | D        | Found an ornate altar of the Wu Jian Council.
   465 | D        | Noticed a human
   465 | D        | Noticed a human
   483 | D        | Killed a human
   483 | D        | Reached skill level 12 in Axes
   488 | D        | Killed a human
   488 | D        | Reached **** piety under Trog
   551 | D        | Gained mutation: You expend magic power (3 MP) to strengthen your wands. [potion of mutation]
   551 | D        | Gained mutation: You are somewhat resistant to further mutation. [potion of mutation]
   554 | D        | Lost mutation: You are somewhat resistant to further mutation. [potion of mutation]
   554 | D        | Lost mutation: You expend magic power (3 MP) to strengthen your wands. [potion of mutation]
   554 | D        | Gained mutation: Your muscles are strong. (Str +2) [potion of mutation]
   554 | D        | Gained mutation: Your magical capacity is low. (-10% MP) [potion of mutation]
   554 | D        | Gained mutation: Potions are less effective at restoring your health. [potion of mutation]
   554 | D        | Gained mutation: You are agile. (Dex +2) [potion of mutation]
   555 | D        | Lost mutation: Your muscles are strong. (Str +2) [potion of mutation]
   555 | D        | Lost mutation: Your magical capacity is low. (-10% MP) [potion of mutation]
   555 | D        | Lost mutation: You are agile. (Dex +2) [potion of mutation]
   555 | D        | Lost mutation: Potions are less effective at restoring your health. [potion of mutation]
   555 | D        | Gained mutation: You are clumsy. (Dex -2) [potion of mutation]
   555 | D        | Gained mutation: You have an increased reservoir of magic. (+10% MP) [potion of mutation]
   555 | D        | Gained mutation: You tend to lose your temper in combat. [potion of mutation]
   555 | D        | Lost mutation: You are clumsy. (Dex -2) [potion of mutation]
   556 | D        | Lost mutation: You tend to lose your temper in combat. [potion of mutation]
   556 | D        | Gained mutation: Your natural rate of healing is unusually fast. [potion of mutation]
   556 | D        | Gained mutation: You possess an exceptional clarity of mind. [potion of mutation]
   556 | D        | Gained mutation: Your body sometimes deteriorates upon taking damage. [potion of mutation]
   556 | D        | Gained mutation: You are covered in fur. (AC +1) [potion of mutation]
   566 | D        | Found a radiant altar of Vehumet.
   566 | D        | Found a deep blue altar of Sif Muna.
   566 | D        | Found an ancient bone altar of Kikubaaqudgha.
   576 | D        | Noticed a neqoxec
   579 | D        | Reached skill level 13 in Axes
   662 | D        | Found a basalt altar of Yredelemnul.
   662 | D        | Found a shadowy altar of Dithmenos.
   662 | D        | Found a sacrificial altar of Ru.
   666 | D        | Reached ***** piety under Trog
   687 | D        | Noticed a shadow
   699 | D        | Killed a shadow
   699 | D        | Reached XP level 8. HP: 7/86 MP: 7/7
   827 | D        | Found a blossoming altar of Fedhas.
   827 | D        | Found a stormy altar of Qazlal.
   827 | D        | Found a snail-covered altar of Cheibriados.
   827 | D        | Found a burning altar of Makhleb.
   827 | D        | Found a shimmering altar of Xom.
   828 | D        | Found a hazy altar of Hepliaklqana.
   828 | D        | Found an opulent altar of Gozag.
   828 | D        | Found a sparkling altar of Nemelex Xobeh.
   828 | D        | Found a corrupted altar of Lugonu.
   828 | D        | Found a viscous altar of Jiyva.
   960 | D        | Fell from the grace of Trog
   960 | D        | Became a worshipper of Jiyva Jijadyen the Shapeless
   963 | D        | Reached * piety under Jiyva
   979 | D        | Reached skill level 14 in Axes
  1065 | D        | Noticed a polar bear
  1065 | D        | Noticed a polar bear
  1074 | D        | HP: 4/86 [polar bear[the rage of Trog] (29)]
  1075 | D        | Slain by a polar bear

Vault maps used:
D:        dungeon_sprint_mu

Skill      XL: |  1  2  3  4  5  6  7  8 |
---------------+-------------------------+-----
Fighting       | 5 6 11 13 | 13.6
Axes           | 5 6 11 13 14 | 14.4
Armour         | 3 5 6 |  6.5
Dodging        | 3 6 7 8 |  8.3

Action                   |  1- 3 |  4- 6 |  7- 9 || total
-------------------------+-------+-------+-------++-------
Melee: Hand axe          |    17 |    13 |    57 ||    87
       Headbutt          |     1 |     4 |    21 ||    26
       Dire flail        |       |       |     7 ||     7
Invok: Berserk           |     1 |     1 |     2 ||     4
  Use: Potion            |     1 |       |     5 ||     6
       Scroll            |     1 |       |     4 ||     5
  Eat: Chunk             |       |       |     5 ||     5
Armor: Animal skin       |     2 |     1 |     3 ||     6
Dodge: Dodged            |     8 |     3 |    46 ||    57
